 Dungeon Crawl Stone Soup version 0.27-a0-1140-g099f9bb0e8 (webtiles) character file.

Game seed: 15004115502895945806

14 Mesmaeker13 the Firebug (level 2, 0/22 HPs)
             Began as a Naga Fire Elementalist on May 9, 2021.
             Slain by an endoplasm (2 damage)
             ... on level 1 of the Dungeon.
             The game lasted 00:00:48 (969 turns).

Mesmaeker13 the Firebug (Naga Fire Elementalist)     Turns: 969, Time: 00:00:48

Health: 0/22       AC:  1    Str: 10    XL:     2   Next: 41%
Magic:  3/5        EV: 10    Int: 15    God:
Gold:   23         SH:  0    Dex: 11    Spells: 4/5 levels left

rFire    . . .     SeeInvis +   d - +0 dagger
rCold    . . .     Faith    .   (no shield)
rNeg     . . .     Spirit   .   a - +0 robe
rPois    +         Reflect  .   (no helmet)
rElec    .         Harm     .   (no cloak)
rCorr    .         Rampage  .   (no gloves)
Will     .....                  (no barding)
Stlth    ++........             (no amulet)
HPRegen  0.07/turn              (no ring)
MPRegen  0.09/turn              (no ring)

@: very slow
A: AC +0, large, see invisible, deformed body, poison resistance, slowness 2,
spit poison 1, naga tail 1
a: Spit Poison


You were on level 1 of the Dungeon.
You visited 1 branch of the dungeon, and saw 2 of its levels.

You collected 23 gold pieces.

Inventory:

Hand Weapons
 d - a +0 dagger (weapon)
Armour
 a - a +0 robe (worn)
Scrolls
 b - a scroll of identify {unknown}
 e - a scroll of amnesia {unknown}
Potions
 c - a potion of might {unknown}


   Skills:
 + Level 1.8 Dodging
 - Level 3.0 Stealth
 + Level 2.2 Spellcasting
 + Level 1.3 Conjurations
 + Level 3.2 Fire Magic


You had 4 spell levels left.
You knew the following spells:

 Your Spells              Type           Power      Damage    Failure   Level
a - Foxfire               Conj/Fire      32%        2x1d5     9%          1

Your spell library contained the following spells:

 Spells                   Type           Power      Damage    Failure   Level
 Conjure Flame            Conj/Fire      8%         6-21      26%         3
 Inner Flame              Hex/Fire       6%         N/A       32%         3
 Sticky Flame             Conj/Fire      8%         2d3       63%         4
 Fireball                 Conj/Fire      4%         3d4       93%         5


Dungeon Overview and Level Annotations

Branches:
Dungeon (2/15)

Altars:


Innate Abilities, Weirdness & Mutations

Your serpentine skin is tough. (AC +0)
You have supernaturally acute eyesight. (SInv)
Armour fits poorly on your strangely shaped body.
Your system is resistant to poisons. (rPois)
You cover ground very slowly.
You can spit poison.
You have a snake-like lower body.


Message History

The endoplasm freezes you.
You are frozen.
The bat moves out of view.
Found 5 gold pieces.
Casting: Foxfire (safe; 9% risk of failure)
Confirm with . or Enter, or press ? or * to list all spells.
You conjure some foxfire!
A jackal comes into view.
The endoplasm freezes you.
You are frozen.
The foxfire hits the endoplasm.
The endoplasm is moderately wounded.
The foxfire hits the endoplasm.
You kill the endoplasm!
An endoplasm comes into view.
Casting: Foxfire (safe; 9% risk of failure)
Confirm with . or Enter, or press ? or * to list all spells.
You miscast Foxfire.
You are very lightly contaminated with residual magic.
Nothing appears to happen.
The endoplasm quivers.
Unknown command.
The bat hits you. The goblin hits you with a +0 club. The endoplasm hits you.
The endoplasm freezes you.
You are frozen.
There is a stone staircase leading up here.
The bat hits you but does no damage. The goblin hits you with a +0 club.
* * * LOW HITPOINT WARNING * * *
The endoplasm hits you.
* * * LOW HITPOINT WARNING * * *
You climb upwards.
There is a stone staircase leading down here.
The endoplasm barely misses you.
The goblin throws a stone.
The stone hits you but does no damage.
Your magical contamination has completely faded away.
The endoplasm hits you but does no damage.
The endoplasm freezes you.
You are frozen.
* * * LOW HITPOINT WARNING * * *
The endoplasm hits you.
You die...

.#####.#.#.###
.#####.#.....#########
.....................####
######.#.##...####......#
#.#....#......#.##.#
#.####.>.######.##.# #.#
###.## #.##.##
##.###...#######.#...##### ##
#.........gJ@............# .#
#..###...#######.#...###.####
.####..####.## #.##..........
............# #....####.####
.......###### ####.# #.#
.##.#### #.# #.# .##†# #.#
#.# .##.# #.# #.#### .##.#
########.# #.....


You could see an endoplasm and a goblin.

Vanquished Creatures
  A dart slug (D:1)
  4 endoplasms
  A giant cockroach (D:1)
  A hobgoblin (D:1)
  A ball python (D:1)
  A frilled lizard (D:1)
  2 kobolds
11 creatures vanquished.

Vanquished Creatures (others)
  29 foxfires
29 creatures vanquished.

Grand Total: 40 creatures vanquished

Notes
Turn   | Place    | Note
-------+----------+-------------------------------------------
     0 | D:1      | Mesmaeker13 the Naga Fire Elementalist began the quest for
                  | the Orb.
     0 | D:1      | Reached XP level 1. HP: 15/15 MP: 3/3
   649 | D:1      | Reached XP level 2. HP: 22/22 MP: 0/5
   969 | D:1      | Slain by an endoplasm

Illustrated notes

Levels and vault maps discovered:
D:1:      heliophobic_arrival_battle_scene, layout_loops_ring,
          serial_bayou_pond_a, glass_columns_b, grunt_decor_clamped
D:2:      layout_loops_ring, shapermc_ecumenical_altar_flowoftime,
          minmay_small_reverse_x, uniq_jessica

Action                   || total
-------------------------++-------
Melee: Dagger            ||     2
 Cast: Foxfire           ||    17
Armor: Robe              ||     4
Dodge: Dodged            ||     2

Table legend: (Time is in decaauts)
 A = Elapsed time spent in this place.
 B = Non-inter-level travel time spent in this place.
 C = Inter-level travel time spent in this place.
 D = Time resting spent in this place.
 E = Time spent auto-exploring this place.
 F = Levels seen in this place.
 G = Mean time per level.
                   A        B        C        D        E       F      G
               +--------+--------+--------+--------+--------+-----+--------+
         Total |   1255 |   1159 |     96 |      0 |   1035 |   2 |  627.5 |
       Dungeon |   1255 |   1159 |     96 |      0 |   1035 |   2 |  627.5 |
               +--------+--------+--------+--------+--------+-----+--------+

Top non-repeatable levels by time:
     D:1: 1236 daAuts
     D:2: 19 daAuts
